 Dungeon Crawl Stone Soup version 0.19.1-1-g22dce08 (webtiles) character file.

10 Gargoyl the Skirmisher (level 2, 0/26 HPs)
             Began as a Ghoul Abyssal Knight on Jan 2, 2017.
             Was a Follower of Lugonu.
             Slain by a gnoll
             ... wielding a +0 spear
              (8 damage)
             ... on level 1 of the Dungeon.
             The game lasted 00:00:56 (407 turns).

Gargoyl the Skirmisher (Ghoul Abyssal Knight)        Turns: 407, Time: 00:00:57

Health: 0/26       AC:  5    Str: 15    XL:     2   Next: 20%
Magic:  2/2        EV: 11    Int:  7    God:    Lugonu [*.....]
Gold:   102        SH:  0    Dex:  8    Spells: 0 memorised, 1 level left

rFire  . . .     SeeInvis .     a - +1 hand axe
rCold  + . .     Gourm    .     b - +0 leather armour
rNeg   + + +     Faith    .     (no shield)
rPois  ∞         Spirit   .     (no helmet)
rElec  .         Reflect  .     e - +1 cloak
rCorr  .         Harm     .     (no gloves)
MR     .....                    (no boots)
Stlth  +.........               (no amulet)
                                (no ring)
                                (no ring)

@: rotting
A: rotting body, claws 1, carnivore 3, cold resistance 1, negative energy
resistance 3, slow regeneration 1, torment resistance, unbreathing
a: Depart the Abyss, Renounce Religion


You were on level 1 of the Dungeon.
You worshipped Lugonu.
Lugonu was aware of your devotion.
You were not hungry.

You visited 1 branch of the dungeon, and saw 1 of its levels.
You visited the Abyss 1 time.

You collected 102 gold pieces.

Inventory:

Hand Weapons
 a - a +1 hand axe (weapon)
Armour
 b - a +0 leather armour (worn)
 e - a +1 cloak (worn)
Scrolls
 d - 4 scrolls of identify {unknown}
 f - a scroll of enchant armour {unknown}
 h - a scroll of teleportation {unknown}
Potions
 i - a potion of cure mutation {unknown}
Comestibles
 c - a meat ration
 g - 3 chunks of flesh


   Skills:
 + Level 3.6 Fighting
 + Level 1.9 Axes
 * Level 2.0 Armour
 + Level 0.8 Dodging
 * Level 2.1 Invocations


You had one spell level left.
You didn't know any spells.

Dungeon Overview and Level Annotations

Branches:
Dungeon (1/15)

Altars:


Innate Abilities, Weirdness & Mutations

Your body is rotting away.
You thrive on raw meat.
You are immune to poison.
You have sharp fingernails.
You are carnivorous and can eat meat at any time.
Your flesh is cold resistant. (rC+)
You are immune to negative energy. (rN+++)
You regenerate slowly when monsters are visible.
You are immune to unholy pain and torment.
You can survive without breathing.


Message History

The jackal barely misses you.
You hit the gnoll.
The gnoll is moderately wounded.
You hit the jackal.
You kill the jackal!
Lugonu accepts your kill.
Your Armour skill increases to level 2!
You hit the jackal. The jackal bites you. The gnoll misses you.
The jackal bites you.
You hit the gnoll.
The gnoll is heavily wounded.
You barely miss the jackal. The gnoll hits you with a spear.
The jackal closely misses you. The gnoll barely misses you.
Unknown command.
You barely miss the gnoll.
The gnoll is heavily wounded.
You barely miss the jackal. You closely miss the rat.
The jackal bites you but does no damage.
The jackal bites you. The rat bites you. The gnoll hits you with a spear!
You die...

...........###.##.
... #........#
#.##. ...
#####........#
#....
...............##
####.
#..####.#.#.#.# ..
#..####.#.#.#.# ..
#.#.....#...#.#.#
..
?.....rh......(...
....##@##..#.#...
......g..##.#.# #
.........%.....
.........###..#.
.....##.#( .>...
###.. ..+.. ..#.
.. #.#.. ##.
#.#...


You could see a gnoll, a jackal and a rat.

Vanquished Creatures
  A hobgoblin (D:1)
  6 jackals (D:1)
  A bat (D:1)
8 creatures vanquished.

Notes
Turn   | Place    | Note
-------+----------+-------------------------------------------
     0 | Abyss:1  | Gargoyl the Ghoul Abyssal Knight began the quest for the Orb.
     0 | Abyss:1  | Reached XP level 1. HP: 19/19 MP: 1/1
    49 | Abyss:2  | Noticed a spatial vortex
    56 | Abyss:2  | Noticed a thrashing horror
    57 | Abyss:2  | Noticed a thrashing horror
   123 | D:1      | Escaped the Abyss
   270 | D:1      | Reached * piety under Lugonu
   270 | D:1      | Reached XP level 2. HP: 7/24 MP: 2/2
   407 | D:1      | Slain by a gnoll

Skill      XL: |  1  2 |
---------------+-------+-----
Armour         | 2 |  2.0
Fighting       | |  3.6
Axes           | |  1.9
Dodging        | |  0.8
Invocations    | |  2.1

Action                   || total
-------------------------++-------
Melee: Hand axe          ||    35
Invok: Depart the Abyss  ||     1
  Eat: Chunk             ||     5
Armor: Leather armour    ||    17
Dodge: Dodged            ||    40
